 Dungeon Crawl Stone Soup version 0.28-a0-1629-gf728b707aa (webtiles) character file.

Game seed: 14776922275667400293

52 issech the Cudgeller (level 3, -1/36 HPs)
             Began as a Troll Monk on Jan 24, 2022.
             Succumbed to a scorpion's poison
             ... on level 2 of the Dungeon.
             The game lasted 00:02:38 (1017 turns).

issech the Cudgeller (Troll Monk)                   Turns: 1017, Time: 00:02:39

Health: -1/36      AC:  4    Str: 19    XL:     3   Next: 60%
Magic:  2/2        EV: 10    Int:  6    God:
Gold:   101        SH:  0    Dex: 14    Spells: 2/2 levels left

rFire   + . .      SeeInvis .   a - +0 mace
rCold   . . .      Faith    .   (no shield)
rNeg    . . .      Spirit   .   b - +0 robe
rPois   .          Reflect  .   (helmet restricted)
rElec   .          Harm     .   (no cloak)
rCorr   +          Rampage  .   (gloves unavailable)
Will    .....                   (boots unavailable)
Stlth   ++........              g - amulet of magic regeneration
HPRegen 0.92/turn               i - ring of protection from fire
MPRegen 0.48/turn               j - ring of resist corrosion

@: lethally poisoned (-1 -> -6)
A: large, unfitting armour, claws 3, regeneration 1, shaggy fur 1, tough skin 1
a: no special abilities


You were on level 2 of the Dungeon.
You visited 1 branch of the dungeon, and saw 2 of its levels.

You collected 101 gold pieces.

Inventory:

Hand Weapons
 a - a +0 mace (weapon)
Missiles
 n - 20 stones (quivered)
Armour
 b - a +0 robe (worn)
Magical Staves
 f - a staff of poison
Jewellery
 g - an amulet of magic regeneration (around neck)
 i - a ring of protection from fire (left claw)
 j - a ring of resist corrosion (right claw)
Scrolls
 c - a scroll of blinking {unknown}
 d - a scroll of fear {unknown}
 k - 2 scrolls of teleportation {unknown}
 l - a scroll of vulnerability {unknown}
 m - a scroll of identify {unknown}
Potions
 e - 2 potions of curing {unknown}
 h - a potion of might {unknown}
 o - a potion of cancellation {unknown}
 p - 2 potions of ambrosia {unknown}


   Skills:
 + Level 2.8 Fighting
 + Level 3.5 Maces & Flails
 + Level 2.8 Dodging
 + Level 1.0 Stealth


You had 2 spell levels left.
You didn't know any spells.
Your spell library contained the following spells:

 Spells                   Type           Power      Damage    Failure   Level
 Freeze                   Ice            0%         1d3       45%         1
 Frozen Ramparts          Ice            0%         1d2       83%         3
 Hailstorm                Conj/Ice       0%         3d3       99%         4


Dungeon Overview and Level Annotations

Branches:
Dungeon (2/15)

Altars:
Sif Muna


Innate Abilities, Weirdness & Mutations

You are too large for most types of armour.
You have claws for hands.
Your natural rate of healing is unusually fast.
You are covered in fur. (AC +1)
You have tough skin. (AC +1)


Message History

You now have 101 gold pieces (gained 7).
There is a shimmering blue altar of Sif Muna here.
p - 2 coppery potions A scorpion comes into view.
You hit the scorpion.
The scorpion is lightly wounded.
The scorpion barely misses you.
You hit the scorpion.
The scorpion is moderately wounded.
The scorpion stings you. x2
You hit the scorpion but do no damage.
The scorpion is moderately wounded.
The scorpion stings you but does no damage.
You hit the scorpion but do no damage.
The scorpion is moderately wounded.
The scorpion completely misses you. The scorpion stings you.
You hit the scorpion but do no damage.
The scorpion is moderately wounded.
The scorpion completely misses you.
You sock the scorpion!
The scorpion is severely wounded.
The scorpion stings you.
You are poisoned.
The scorpion poisons you!
The scorpion stings you but does no damage.
You feel sick.
You feel sick.
You feel sick.
You feel sick. The scorpion stings you!
You are more poisoned.
The scorpion poisons you!
You feel very sick.
You feel sick.
You feel sick. The scorpion stings you.
* * * LOW HITPOINT WARNING * * *
You are lethally poisoned!
The scorpion poisons you!
* * * LOW HITPOINT WARNING * * *
You feel very sick.
You die...

### ...##
##########.....#
#...............
#s########......
#.# ..... #@#
.... #.# ..# ..#
###.##### ## ..#
#.......# ..#
#.#.###.# #.#
#.#...#.# ...
#.###.#.# ## #.#
#.###.#.#
##.##.#
#.##..#.#


You could see a scorpion.

Vanquished Creatures
  Natasha (D:2)
  A dart slug (D:2)
  A bat (D:1)
  3 endoplasms (D:1)
  4 goblins
  A hobgoblin (D:1)
  4 jackals (D:1)
  2 kobolds (D:1)
  4 frilled lizards (D:1)
  A rat (D:1)
22 creatures vanquished.

Notes
Turn   | Place    | Note
-------+----------+-------------------------------------------
     0 | D:1      | issech the Troll Monk began the quest for the Orb.
     0 | D:1      | Reached XP level 1. HP: 22/22 MP: 0/0
    47 | D:1      | Reached skill level 3 in Maces & Flails
   139 | D:1      | Reached XP level 2. HP: 29/29 MP: 1/1
   160 | D:1      | Found a faded altar of an unknown god.
   759 | D:2      | Noticed Natasha
   767 | D:2      | Noticed a crimson imp
   776 | D:2      | Killed Natasha
   777 | D:2      | Reached XP level 3. HP: 16/36 MP: 2/2
   960 | D:2      | Found a shimmering blue altar of Sif Muna.
   998 | D:2      | Noticed a scorpion
  1017 | D:2      | Succumbed to a scorpion's poison

Illustrated notes

Levels and vault maps discovered:
D:1:      sevenhm_arrival_forest_fort_large_4, layout_rooms,
          hellmonk_ecumenical_altar_lost_god, minmay_tromino_v4_b
D:2:      layout_loops_corners, basic_altar, uniq_natasha

Skill      XL: |  1 |
---------------+----+-----
Maces & Flails | 3 |  3.5
Fighting       | |  2.8
Dodging        | |  2.8
Stealth        | |  1.0

Action                   || total
-------------------------++-------
Melee: Mace              ||    84
Armor: Robe              ||    46
Dodge: Dodged            ||    82

Table legend: (Time is in decaauts)
 A = Elapsed time spent in this place.
 B = Non-inter-level travel time spent in this place.
 C = Inter-level travel time spent in this place.
 D = Time resting spent in this place.
 E = Time spent auto-exploring this place.
 F = Levels seen in this place.
 G = Mean time per level.
                   A        B        C        D        E       F      G
               +--------+--------+--------+--------+--------+-----+--------+
         Total |   1036 |   1036 |      0 |     21 |    637 |   2 |  518.0 |
       Dungeon |   1036 |   1036 |      0 |     21 |    637 |   2 |  518.0 |
               +--------+--------+--------+--------+--------+-----+--------+

Top non-repeatable levels by time:
     D:1: 681 daAuts
     D:2: 355 daAuts
